 Dungeon Crawl Stone Soup version 0.29-a0-322-g68df515428 (webtiles) character file.

Game seed: 14968373213408523050

3780 heikuro the Cleaver (level 10, -2/75 (79) HPs)
             Began as a Formicid Fighter on Mar 31, 2022.
             Was an Initiate of Gozag.
             Slain by a gargoyle
             ... wielding a +0 morningstar
              (10 damage)
             ... on level 8 of the Dungeon on Apr 6, 2022.
             The game lasted 00:18:49 (8596 turns).

heikuro the Cleaver (Formicid Fighter)              Turns: 8596, Time: 00:18:49

HP:   -2/75 (79)    AC: 15    Str: 24    XL:     10   Next: 38%
MP:   10/10         EV:  7    Int:  9    God:    Gozag
Gold: 214           SH: 10    Dex: 10    Spells: 9/9 levels left

rFire   + . .      SeeInvis +   n - +3 hand axe (elec)
rCold   . . .      Faith    .   D - +0 kite shield
rNeg    . . .      Spirit   .   o - +0 chain mail
rPois   .          Reflect  .   (helmet unavailable)
rElec   .          Harm     .   K - +2 cloak {Stlth+}
rCorr   .          Rampage  .   l - +0 pair of gloves
Will    +....                   (no boots)
Stlth   ..........              G - amulet of regeneration
HPRegen 1.02/turn               s - ring of protection from fire
MPRegen 0.12/turn               (no ring)

@: drained
A: permanent stasis, dig shafts and tunnels, antennae 3, four strong arms
a: Dig, Shaft Self, Renounce Religion, Potion Petition, Call Merchant, Bribe
Branch


You were on level 8 of the Dungeon.
You worshipped Gozag.
Gozag was aware of your devotion.
You visited 2 branches of the dungeon, and saw 9 of its levels.
You also visited: Sewer.

You collected 302 gold pieces.
You paid 88 gold pieces to Gozag.

Inventory:

Hand Weapons
 a - a +0 war axe
 n - a +3 hand axe of electrocution (weapon)
Missiles
 c - a curare-tipped dart
 f - 6 boomerangs (quivered)
 p - 2 throwing nets
Armour
 l - a +0 pair of gloves (worn)
 o - a +0 chain mail (worn)
 D - a +0 kite shield (worn)
 K - a +2 cloak of stealth (worn)
Jewellery
 d - a ring of magical power
 i - a ring of flight
 s - a ring of protection from fire (left hand)
 G - an amulet of regeneration (around neck)
 L - an amulet of the acrobat
Wands
 J - a wand of iceblast (12)
 M - a wand of flame (15)
 O - a wand of digging (11)
Scrolls
 g - a scroll of blinking {unknown}
 h - 2 scrolls of fog {unknown}
 j - 3 scrolls of identify {unknown}
 m - 4 scrolls of fear
 q - 2 scrolls of amnesia {unknown}
 r - 3 scrolls of vulnerability {unknown}
 u - 3 scrolls of enchant weapon
 w - 3 scrolls of enchant armour {unknown}
 y - a scroll of magic mapping {unknown}
 C - a scroll of holy word {unknown}
 E - a scroll of silence {unknown}
 F - a scroll of noise {unknown}
 H - a scroll of brand weapon {unknown}
Potions
 b - 3 potions of mutation {unknown}
 e - 6 potions of curing
 k - 5 potions of attraction {unknown}
 t - 2 potions of invisibility {unknown}
 v - 2 potions of lignification {unknown}
 x - 2 potions of flight {unknown}
 z - 3 potions of haste {unknown}
 A - 2 potions of brilliance {unknown}
 B - a potion of heal wounds {unknown}
 I - a potion of resistance {unknown}
 N - 2 potions of ambrosia {unknown}


   Skills:
 + Level 7.5 Fighting
 * Level 9.1 Axes
 + Level 7.5 Armour
 + Level 8.3 Shields
 + Level 3.4 Evocations


You had 9 spell levels left.
You didn't know any spells.
Your spell library contained the following spells:

 Spells                   Type           Power      Damage    Failure   Level
 Ozocubu's Armour         Ice            0%         N/A       100%        3
 Portal Projectile        Hex/Tloc       0%         N/A       100%        3
 Summon Ice Beast         Ice/Summ       0%         N/A       100%        4
 Blade Hands              Tmut           0%         N/A       100%        5
 Excruciating Wounds      Necr           0%         N/A       100%        5
 Summon Mana Viper        Hex/Summ       0%         N/A       100%        5
 Monstrous Menagerie      Summ           0%         N/A       100%        7
 Ozocubu's Refrigeration  Ice            0%         4d5       100%        7


Dungeon Overview and Level Annotations

Branches:
Dungeon (8/15)             Temple (1/1) D:7           Sewer (visited)
   Lair: D:8-11

Altars:
Ashenzari
Cheibriados
Dithmenos
Elyvilon
Fedhas
Gozag
Hepliaklqana
Kikubaaqudgha
Nemelex Xobeh
Okawaru
Qazlal
Ru
Sif Muna
Trog
Uskayaw
Vehumet
Wu Jian
Xom
Yredelemnul
Zin
The Shining One


Innate Abilities, Weirdness & Mutations

You cannot be hasted, slowed, berserked, paralysed or teleported.
You can dig through walls and to a lower floor.
You have a pair of large antennae on your head. (SInv)
Your four strong arms can wield two-handed weapons with a shield.


Message History

The gargoyle is severely damaged.
The gargoyle barely misses you.
You barely miss the gargoyle.
The gargoyle is severely damaged.
The gargoyle hurls a stone arrow at you.
The stone arrow misses you.
You hit the gargoyle but do no damage.
The gargoyle is severely damaged.
The gargoyle hits you with a +0 morningstar!
You hit the gargoyle.
The gargoyle is almost destroyed.
You barely miss the gargoyle.
The gargoyle is almost destroyed.
The gargoyle hurls a stone arrow at you.
The stone arrow hits you.
You hit the gargoyle but do no damage.
The gargoyle is severely damaged.
The gargoyle hits you with a +0 morningstar.
You hit the gargoyle.
The gargoyle is almost destroyed.
The gargoyle hurls a stone arrow at you.
The stone arrow hits you!
You barely miss the gargoyle.
The gargoyle is almost destroyed.
You block the gargoyle's attack.
You barely miss the gargoyle.
The gargoyle is almost destroyed.
The gargoyle hurls a stone arrow at you.
The stone arrow hits you!!
* * * LOW HITPOINT WARNING * * *
You hit the gargoyle but do no damage.
The gargoyle is almost destroyed.
The gargoyle hurls a stone arrow at you.
The stone arrow hits you.
* * * LOW HITPOINT WARNING * * *
You barely miss the gargoyle.
The gargoyle is almost destroyed.
The gargoyle hits you with a +0 morningstar!
You die...
Your body crumbles into a pile of gold.

#.###.#....#.#
#.#.....####.# #
#..........#.# .#
#######.##.#.##.#
#.......#......#
#.......[....#
##########...#
... #...# ....
#@..# ..... #9..#
......#...#
#........#
#######+## $ { {
.# { .# {{{ .# +#


You could see a gargoyle.

Vanquished Creatures
  A two-headed ogre (D:5)
  A wyvern (D:6)
  Eustachio (D:4)
  2 water moccasins
  2 ice beasts
  A sky beast (D:5)
  2 ogres (D:5)
  An orc warrior (D:7)
  Blork the orc (D:3)
  A kobold brigand (D:7)
  4 scorpions (D:6)
  5 bullfrogs
  2 necrophages
  A gnoll sergeant (D:5)
  6 killer bees
  A howler monkey (D:6)
  2 hounds
  3 orc priests
  Crazy Yiuf (D:5)
  6 jellies
  7 orc wizards
  16 gnolls
  11 adders
  4 river rats (Sewer)
  2 shadow imps
  2 white imps
  An ufetubus (D:6)
  A worm (D:2)
  2 dart slugs
  14 orcs
  8 bats
  7 endoplasms
  6 goblins
  4 hobgoblins
  2 quokkas
  18 ball pythons
  10 frilled lizards
  8 kobolds
  43 rats
210 creatures vanquished.

Notes
Turn   | Place    | Note
-------+----------+-------------------------------------------
     0 | D:1      | heikuro the Formicid Fighter began the quest for the Orb.
     0 | D:1      | Reached XP level 1. HP: 18/18 MP: 1/1
   368 | D:1      | Reached XP level 2. HP: 18/24 MP: 2/2
   843 | D:1      | Reached XP level 3. HP: 27/29 MP: 3/3
  1517 | D:2      | Reached XP level 4. HP: 26/37 MP: 4/4
  1701 | D:2      | Reached skill level 3 in Axes
  2121 | D:3      | Found a glowing drain.
  2128 | Sewer    | Entered a sewer
  2339 | Sewer    | Reached XP level 5. HP: 20/31 MP: 5/5
  2935 | Sewer    | Reached XP level 6. HP: 21/41 MP: 6/6
  3188 | Sewer    | Reached skill level 4 in Axes
  3436 | D:3      | Reached skill level 5 in Shields
  3496 | D:3      | Reached XP level 7. HP: 55/55 MP: 7/7
  4202 | D:4      | Noticed Blork the orc
  4206 | D:4      | Noticed Eustachio
  4228 | D:3      | Killed Blork the orc
  4410 | D:4      | Killed Eustachio
  4411 | D:4      | Reached skill level 5 in Fighting
  4411 | D:4      | Reached skill level 5 in Axes
  4411 | D:4      | Reached skill level 5 in Armour
  4623 | D:4      | Upgraded the game from 0.29-a0-284-gf9362112df to
                  | 0.29-a0-322-g68df515428
  4683 | D:4      | Reached XP level 8. HP: 62/62 MP: 8/8
  5186 | D:5      | Entered Level 5 of the Dungeon
  5280 | D:5      | Noticed a two-headed ogre
  5648 | D:5      | Killed a two-headed ogre
  5649 | D:5      | Reached skill level 7 in Axes
  5649 | D:5      | Reached XP level 9. HP: 39/69 MP: 9/9
  6283 | D:5      | Found a runed translucent door.
  6284 | D:5      | Noticed Crazy Yiuf
  6288 | D:5      | Killed Crazy Yiuf
  6567 | D:6      | Reached skill level 1 in Evocations
  6766 | D:6      | Reached skill level 8 in Axes
  7226 | D:6      | Reached XP level 10. HP: 63/79 MP: 10/10
  7591 | D:7      | Reached skill level 9 in Axes
  7676 | D:7      | Found a staircase to the Ecumenical Temple.
  7694 | Temple   | Entered the Ecumenical Temple
  8238 | Temple   | Became a worshipper of Gozag Ym Sagoz the Greedy
  8563 | D:8      | Noticed a gargoyle
  8596 | D:8      | Slain by a gargoyle

Illustrated notes

Levels and vault maps discovered:
D:1:      onia_arrival_handbag, layout_loops_ring,
          chequers_serial_rivers_small_3
D:2:      layout_rooms, st_stairs_5, chequers_serial_rivers_room_b,
          minmay_distorted
D:3:      minmay_door_path, layout_loops_ring, portal_sewer_entry_d
D:4:      layout_layer_cave, uniq_blork_the_orc, uniq_eustachio
D:5:      layout_basic, uniq_crazy_yiuf_cottage
D:6:      layout_loops_ring
D:7:      layout_rooms, temple_pool_b
D:8:      minmay_opposing_rooms, layout_basic, amcnicky_altar_gilded,
          david_lair_shrubbed, dreamdust_princess_corridor
Temple:   mainiacjoe_temple_starburst

Skill      XL: |  1  2  3  4  5  6  7  8  9 10 |
---------------+-------------------------------+-----
Shields        | 4 5 6 7 8 |  8.3
Axes           | 3 4 5 7 8 9 |  9.1
Fighting       | 4 5 6 7 |  7.5
Armour         | 4 5 6 7 |  7.5
Evocations     | 2 3 |  3.4

Action                   |  1- 3 |  4- 6 |  7- 9 | 10-12 || total
-------------------------+-------+-------+-------+-------++-------
Melee: War axe           |    94 |       |       |       ||    94
       Hand axe          |    14 |   144 |   246 |   141 ||   545
Throw: Boomerang         |     5 |       |     4 |       ||     9
 Abil: Dig               |       |     2 |     1 |     1 ||     4
  Use: Potion            |       |       |     1 |       ||     1
       Scroll            |       |       |     3 |       ||     3
Armor: Scale mail        |    50 |       |       |       ||    50
       Chain mail        |     4 |    71 |    96 |    65 ||   236
Dodge: Dodged            |    57 |    61 |    42 |    34 ||   194
Block: Buckler           |    23 |    39 |     2 |       ||    64
       Kite shield       |       |       |   104 |    60 ||   164

Table legend: (Time is in decaauts)
 A = Elapsed time spent in this place.
 B = Non-inter-level travel time spent in this place.
 C = Inter-level travel time spent in this place.
 D = Time resting spent in this place.
 E = Time spent auto-exploring this place.
 F = Levels seen in this place.
 G = Mean time per level.
                   A        B        C        D        E       F      G
               +--------+--------+--------+--------+--------+-----+--------+
         Total |   8756 |   8351 |    405 |   1978 |   3345 |  10 |  875.6 |
       Dungeon |   6852 |   6544 |    308 |   1235 |   2729 |   8 |  856.5 |
        Temple |    599 |    502 |     97 |      0 |    494 |   1 |  599.0 |
         Sewer |   1304 |   1304 |      0 |    743 |    122 |   1 | 1304.0 |
               +--------+--------+--------+--------+--------+-----+--------+

Top non-repeatable levels by time:
   Sewer: 1304 daAuts
     D:1: 1299 daAuts
     D:5: 1232 daAuts
     D:3: 1036 daAuts
     D:4: 1018 daAuts
     D:6: 875 daAuts
     D:2: 738 daAuts
  Temple: 599 daAuts
     D:7: 583 daAuts
     D:8: 68 daAuts
